AoeStats
← alexdace1982

Arena

510472840Analyzed
4v4 RM · 15h ago on Oct 1, 2026· 50m 17s· 8 players
Game mode
Random Map
Map size
Large (8 player)
Population
200
Speed
Normal
Resources
Standard
Victory
Conquest
Starting age
Dark Age
Ending age
Imperial Age
RankedLock teamsTeams togetherTeam positionsShared explorationLock speedFull tech treeHidden civsTurbo modeCheats
Victory
Defeat
🇨🇳 Bohemians · China
983
+14
🇮🇳 Varangians · India
908
+18
🇨🇳 Turks · China
903
+18
🇨🇳 Portuguese · China
816
+20
🇲🇽 Teutons · Mexico
1034
-21
🇲🇽 Portuguese · Mexico
999
-20
🇲🇽 Huns · Mexico
881
-15
🇲🇽 Spanish · Mexico
853
-34
Manchuria lmuberjack
10:44 Feudal Age
15:08 Loom
17:41 Castle Age
16:01 Double-Bit Axe
16:11 Horse Collar
17:13 Stone Mining
24:58 Imperial Age
22:43 Bow Saw
22:28 Gold Mining
25:34 Gold Shaft Mining
25:16 Heavy Plow
30:49 Wheelbarrow
34:01 Two-Man Saw
33:22 Hand Cart
42:38 Bloodlines
42:28 Husbandry
46:31 Artillery
Joe_N0T_Exotic
11:19 Feudal Age
15:07 Castle Age
12:57 Double-Bit Axe
12:59 Horse Collar
16:40 Bow Saw
16:32 Heavy Plow
23:14 Loom
29:17 Imperial Age
27:22 Wheelbarrow
26:33 Town Watch
27:04 Stone Mining
28:21 Hand Cart
28:12 Scale Barding Armor
28:18 Forging
28:12 Scale Mail Armor
30:29 Arson
30:44 Squires
33:11 Elite Varangian Guard
34:56 Iron Casting
34:37 Chain Mail Armor
38:26 Plate Mail Armor
38:54 Gold Mining
40:06 Blast Furnace
38:33 Gothikon
39:36 Conscription
41:04 Fortified Wall
40:49 Murder Holes
41:55 Chemistry
41:15 Ballistics
42:13 Fletching
42:23 Padded Archer Armor
42:36 Masonry
45:06 Bodkin Arrow
45:27 Leather Archer Armor
47:55 Fervor
47:46 Atonement
47:47 Devotion
49:30 Architecture
49:06 Siege Engineers
兔兔小迷弟
11:59 Feudal Age
13:27 Double-Bit Axe
13:26 Horse Collar
16:24 Castle Age
22:34 Bow Saw
24:42 Stone Mining
28:52 Imperial Age
27:20 Wheelbarrow
26:32 Town Watch
26:36 Loom
27:20 Treadmill Crane
27:40 Murder Holes
27:55 Heavy Plow
27:48 Gold Mining
28:35 Stone Shaft Mining
29:41 Scale Mail Armor
29:36 Fletching
29:46 Scale Mail Armor
29:57 Forging
30:18 Hand Cart
29:37 Pikeman
30:03 Arson
30:49 Town Patrol
32:12 Chemistry
31:24 Masonry
31:38 Ballistics
31:42 Conscription
31:25 Elite Organ Gun
32:51 Fortified Wall
34:22 Architecture
34:36 Bodkin Arrow
34:54 Siege Engineers
35:43 Crop Rotation
35:57 Bombard Tower
35:49 Arquebus
36:36 Circumnavigation
37:21 Bracer
37:37 Chain Mail Armor
37:57 Iron Casting
SupermeSupreme
11:59 Feudal Age
18:09 Castle Age
19:10 Loom
23:22 Double-Bit Axe
26:23 Bow Saw
27:46 Wheelbarrow
33:05 Horse Collar
37:58 Imperial Age
36:18 Hand Cart
38:04 Wagenburg Tactics
37:53 Pikeman
38:38 Scale Mail Armor
38:48 Forging
38:23 Halberdier
39:06 Squires
38:52 Arson
40:11 Chemistry
40:33 Two-Man Saw
39:37 Heavy Plow
40:42 Chain Mail Armor
41:03 Iron Casting
42:31 Plate Mail Armor
43:29 Conscription
45:15 Blast Furnace
44:44 Elite Hussite Wagon
47:05 Ballistics
46:52 Siege Engineers
49:00 Houfnice
Knight_Romero83
7:43 Loom
9:28 Feudal Age
10:08 Man-at-Arms
16:44 Fletching
23:35 Castle Age
22:44 Horse Collar
22:51 Double-Bit Axe
28:19 Wheelbarrow
34:23 Imperial Age
36:10 Chemistry
36:33 Hand Cart
43:40 Siege Engineers
45:44 Town Watch
46:34 Bodkin Arrow
46:39 Padded Archer Armor
alexdace1982
5:54 Loom
14:00 Feudal Age
16:32 Horse Collar
24:08 Wheelbarrow
23:22 Town Watch
32:20 Castle Age
34:30 Stone Mining
34:35 Gold Mining
34:50 Heavy Plow
34:41 Double-Bit Axe
37:38 Hand Cart
37:23 Town Patrol
39:36 Pikeman
40:05 Elite Skirmisher
46:23 Squires
ReBeL_PuMa
4:18 Loom
11:44 Feudal Age
13:32 Town Watch
18:20 Castle Age
16:54 Double-Bit Axe
17:17 Horse Collar
21:09 Bow Saw
21:01 Heavy Plow
25:12 Fletching
25:07 Treadmill Crane
25:49 Gold Mining
32:32 Stone Mining
35:28 Imperial Age
33:42 Scale Barding Armor
35:23 Stone Shaft Mining
36:05 Ballistics
35:41 Murder Holes
36:30 Wheelbarrow
37:17 Chemistry
35:47 Elite Skirmisher
36:32 Thumb Ring
37:29 Crop Rotation
38:00 Two-Man Saw
37:31 Chain Barding Armor
37:22 Forging
37:14 Scale Mail Armor
37:01 Gambesons
37:34 Padded Archer Armor
37:29 Bodkin Arrow
37:18 Pikeman
40:32 Bracer
40:47 Leather Archer Armor
41:12 Bloodlines
44:16 Scale Mail Armor
44:47 Ring Archer Armor
45:30 Husbandry
48:24 Chain Barding Armor
48:21 Forging
48:53 Town Patrol
50:15 Plate Barding Armor
50:01 Hand Cart
EivorTovar
0:39 Loom
12:05 Feudal Age
13:07 Double-Bit Axe
19:16 Castle Age
17:30 Stone Mining
20:12 Horse Collar
21:26 Bow Saw
22:51 Gold Mining
30:13 Imperial Age
28:29 Pikeman
29:49 Heavy Plow
33:23 Light Cavalry
34:24 Halberdier
Connection lost

Rejoining the realm…

Still unreachable

The connection could not be restored.

Session expired

The server has moved on; the page needs a fresh start.